 Dungeon Crawl Stone Soup version 0.02-181-g1f18bfd (webtiles) character file.

Game seed: 16718677454114587952, levelgen mode: deterministic

910 Kalegnar the Firebug (level 7, 0/5 HPs) Fairy Fire Elementalist. Began on Oct 20, 2020. Slain by a scorpion (1 damage) ... on level 3 of the Dungeon. The game lasted 00:14:10 (1829 turns).

Kalegnar the Firebug (Fairy Fire Elementalist)      Turns: 1829, Time: 00:14:11

Health: 0/5        AC:  0    Str:  2    XL:     7 ^: 126
Magic:  2/3        EV: 26    Int: 19    God:
Gold:   144        SH:  0    Dex: 18    Spells: 8/18 levels left

rFire    . . .     Vision   .   n - amulet of magic regeneration
rCold    . . .     Gourm    .
rNeg     . . .     Faith    .
rPois    .         Spirit   .
rElec    .         Reflect  .
rCorr    .         Harm     .
MR       +....
Stlth    +.........
HPRegen  0.11/turn
MPRegen  0.38/turn

@: flying, glowing, slow
A: tiny, no armour or weapons, only one jewelry slot, no melee attacks, fairy
magic, fairy shield, fairy light, decreased potion and divine healing, slowness
1, able to fly, insubstantial
a: Stop Flying


You were on level 3 of the Dungeon.
You were very hungry.

You visited 1 branch of the dungeon, and saw 3 of its levels.

You collected 144 gold pieces.

Inventory:

Jewellery
 i - an uncursed ring of slaying
 k - a cursed amulet of regeneration {(Curse: *Slow)}
 n - an amulet of magic regeneration (around core)
Scrolls
 a - a scroll of magic mapping
 c - a scroll of immolation
 j - a scroll of enchantment
 m - a scroll of amnesia
Potions
 d - a potion of mutation
 e - 3 potions of heal wounds
 f - a potion of lignification
 g - a potion of agility
 h - a potion of might
 l - 4 potions of curing
Comestibles
 b - 5 rations
 o - a chunk of flesh


   Skills:
 - Level 4.0 Dodging
 - Level 1.4 Stealth
 + Level 6.2 Spellcasting
 + Level 6.7 Fire Magic
 + Level 3.5 Poison Magic


You had 8 spell levels left.
You knew the following spells:

 Your Spells              Type           Power        Failure   Level  Hunger
a - Foxfire               Fire           25 (25)      1%          1    None
b - Searing Ray           Fire           31 (50)      1%          2    None
c - Conjure Flame         Fire           31 (100)     1%          3    ##.....
d - Sticky Flame          Fire/Pois      25 (100)     13%         4    ####...

Your spell library contained the following spells:

 Spells                   Type           Power        Failure   Level  Hunger
 Inner Flame              Hex/Fire       18 (100)     9%          3    ##.....
 Fireball                 Fire           31 (200)     19%         5    #####..


Dungeon Overview and Level Annotations

Branches:
Dungeon (3/8)

Altars:
Wu Jian


Innate Abilities, Weirdness & Mutations

You are too small to use any gear.
You can wear a single ring or amulet completely around your body.
You are incapable of melee of any kind.
Your magic reserves are extremely low but spells that normally cost one mana are free and all other spells cost one mana.
You are extremely frail but all attacks that strike you do exactly one damage.
You exude a bright light in a small radius around yourself.
The effect of potions and godly healing effects is reduced to match your tiny health and magic reserves.
You cover ground slowly.
You can fly continuously.
Your insubstantial form boosts your evasion and grants immunity to sticky flames, nets and constriction.


Message History

Aiming: Sticky Flame (safe; 13% risk of failure)
Press: ? - help, Shift-Dir - straight line, f - slave
Aim: a slave, wearing a +0 animal skin (severely wounded (6/28), haloed)
The sticky flame hits the slave (3).
The slave is almost dead. (3/28) HP The slave is covered in liquid flames!
You are feeling very hungry.
The slave burns!
You kill the slave!
That felt strangely unrewarding.
Casting: Sticky Flame (safe; 13% risk of failure)
Confirm with . or Enter, or press ? or * to list all spells.
Aiming: Sticky Flame (safe; 13% risk of failure)
Press: ? - help, Shift-Dir - straight line, f - scorpion
Aim: a scorpion (healthy (19/19), haloed)
The sticky flame hits the scorpion (1).
The scorpion is lightly wounded. (18/19) HP The scorpion is covered in liquid flames!
The scorpion burns!
The scorpion misses you (0). The scorpion pinches you (1).
You die...

. .###...##. ..
........ ...
#.....# #.s.
#.....# ....$
#.....#
[....)##÷....#
..##...<....##
.......†...†..####
<..####.....[s@..#
. #...........#
#.#....#....#
#..######......
#.# #....### ..
.....# ... ......
########


You could see a scorpion (burning).

Vanquished Creatures
  An ogre (D:3)
  A crocodile (D:2)
  A gnoll sergeant (D:2)
  A bullfrog (D:2)
  2 jellies (D:2)
  2 hounds (D:3)
  A gnoll shaman (D:2)
  5 giant cockroaches
  2 adders
  10 gnolls
  17 sewer rats (D:2)
  4 worms (D:2)
  6 cinder newts
  6 oozes
  2 dart slugs (D:1)
  4 leopard geckos (D:1)
  2 adder skeletons
  3 hobgoblins (D:1)
  2 ball pythons (D:2)
  5 bats
  A bat skeleton (D:2)
  4 goblins (D:1)
  A hobgoblin skeleton (D:2)
  9 kobolds (D:1)
  2 orc skeletons (D:2)
  6 rats (D:1)
  2 bushes (D:1)
  A plant (D:1)
  2 slaves (D:3)
  A slimehead (D:2)
106 creatures vanquished.

Vanquished Creatures (collateral kills)
  5 bushes (D:1)
5 creatures vanquished.

Vanquished Creatures (others)
  A bush (D:1)
  406 foxfires
  2 plants (D:1)
  93 withered plants (D:2)
502 creatures vanquished.

Grand Total: 613 creatures vanquished

Notes
Turn   | Place    | Note
-------+----------+-------------------------------------------
     0 | D:1      | Kalegnar the Fairy Fire Elementalist began the quest for
                  | the Orb.
     0 | D:1      | Reached XP level 1. HP: 3/3 MP: 3/3
     5 | D:1      | Reached XP level 2. HP: 3/3 MP: 3/3
    19 | D:1      | Learned a level 2 spell: Searing Ray
    97 | D:1      | Reached XP level 3. HP: 4/4 MP: 3/3
   102 | D:1      | Learned a level 3 spell: Conjure Flame
   404 | D:1      | Reached XP level 4. HP: 4/4 MP: 3/3
   793 | D:2      | Found an ornate altar of the Wu Jian Council.
   808 | D:2      | Reached XP level 5. HP: 4/4 MP: 3/3
   814 | D:2      | Learned a level 4 spell: Sticky Flame
   836 | D:2      | Found a faded altar of an unknown god.
   903 | D:2      | Reached skill level 5 in Fire Magic
   903 | D:2      | Reached skill level 1 in Poison Magic
   922 | D:2      | Reached XP level 6. HP: 5/5 MP: 3/3
  1076 | D:2      | Reached skill level 5 in Spellcasting
  1228 | D:2      | Reached XP level 7. HP: 5/5 MP: 3/3
  1829 | D:3      | Slain by a scorpion

Levels and vault maps discovered:
D:1:      dpeg_arrival_radiant, layout_basic, lexackson_kobold_supper
D:2:      layout_sewer, old_standard_altar, sewer_minmay_treatment,
          first_ration, chequers_ecumenical_altar_simple_redux,
          minmay_heptomino_h4
D:3:      layout_rooms, serial_shops, shop, uniq_pikel, uniq_eustachio

Skill      XL: |  1  2  3  4  5  6  7 |
---------------+----------------------+-----
Dodging        | 3 4 |  4.0
Spellcasting   | 3 4 5 6 |  6.2
Fire Magic     | 4 5 6 |  6.7
Poison Magic   | 1 2 3 |  3.5
Stealth        | |  1.4

Action                   |  1- 3 |  4- 6 |  7- 9 || total
-------------------------+-------+-------+-------++-------
 Cast: Foxfire           |    84 |   113 |    70 ||   267
       Searing Ray       |     4 |     2 |     2 ||     8
       Sticky Flame      |       |       |     3 ||     3
 Abil: Fly               |     1 |       |       ||     1
  Eat: Chunk             |       |     2 |     1 ||     3
Dodge: Dodged            |     8 |    14 |    40 ||    62
